 Dungeon Crawl Stone Soup version 0.25-a0-424-g80bd347ae0 (webtiles) character file.

Game seed: 2272928149652697249, levelgen mode: deterministic

2 MrRokkomies the Caller (level 1, -1/14 HPs)
             Began as a Barachi Summoner on Jan 21, 2020.
             Slain by a jackal (2 damage)
             ... on level 1 of the Dungeon.
             The game lasted 00:00:48 (158 turns).

MrRokkomies the Caller (Barachi Summoner)            Turns: 158, Time: 00:00:48

Health: -1/14      AC:  2    Str:  9    XL:     1   Next: 30%
Magic:  1/3        EV: 12    Int: 15    God:
Gold:   13         SH:  0    Dex: 12    Spells: 3/4 levels left

rFire    . . .     SeeInvis .   f - -2 whip (curse)
rCold    . . .     Gourm    .   (no shield)
rNeg     . . .     Faith    .   a - +0 robe
rPois    .         Spirit   .   (no helmet)
rElec    .         Reflect  .   (no cloak)
rCorr    .         Harm     .   (no gloves)
MR       .....                  (no boots)
Stlth    ++........             (no amulet)
HPRegen  0.04/turn              (no ring)
MPRegen  0.08/turn              (no ring)

@: slow
A: +LOS, swims, slowness 1, strong legs 1
a: Hop


You were on level 1 of the Dungeon.
You were not hungry.

You visited 1 branch of the dungeon, and saw 1 of its levels.

You collected 13 gold pieces.

Inventory:

Hand Weapons
 f - a cursed -2 whip (weapon)
Missiles
 b - 23 sling bullets
 d - 22 bolts
Armour
 a - a +0 robe (worn)
Scrolls
 e - a scroll of immolation {unknown}
Comestibles
 c - a ration


   Skills:
 * Level 0.3 Fighting
 + Level 2.2 Dodging
 - Level 1.7 Stealth
 - Level 2.1 Spellcasting
 * Level 4.9 Summonings


You had 3 spell levels left.
You knew the following spells:

 Your Spells              Type           Power        Failure   Level  Hunger
a - Summon Small Mammal   Summ           ###.         3%          1    #......

Your spell library contained the following spells:

 Spells                   Type           Power        Failure   Level  Hunger
 Call Imp                 Summ           ###.....     4%          2    ###....
 Call Canine Familiar     Summ           ###.....     9%          3    ###....
 Summon Guardian Golem    Hex/Summ       #.......     24%         3    ###....
 Summon Ice Beast         Ice/Summ       #.......     63%         4    #####..
 Summon Lightning Spire   Summ/Air       #.......     63%         4    #####..


Dungeon Overview and Level Annotations

Branches:
Dungeon (1/15)

Altars:


Innate Abilities, Weirdness & Mutations

You can be seen from farther away. (+LOS)
You can swim through water.
You cover ground slowly.
You can hop short distances.


Message History

Your quokka bites the hobgoblin but does no damage.
The jackal barely misses your quokka. The jackal bites your bat.
Your bat hits the jackal but does no damage.
Your bat closely misses the jackal.
Your bat hits the jackal but does no damage.
The jackal closely misses your bat.
Your bat barely misses the jackal.
Your bat hits the jackal but does no damage. x2
The jackal misses your quokka.
The jackal bites you but does no damage.
The jackal closely misses your quokka.
Your bat misses the jackal. The jackal closely misses you.
The jackal bites your bat.
Your bat dies!
Your bat's corpse disappears in a puff of smoke!
There is a stone staircase leading down here.
The jackal closely misses you.
Your quokka bites the hobgoblin.
The jackal barely misses you.
The hobgoblin barely misses your quokka.
The jackal bites you.
You die...

...### #.#...# .⌠...##
#.##..## ......###.
#...# .......##.###..#
...⌠...##....hh##
.......##..###.r#
......###....#.g##
.⌠..[###.......hh#####
...### #........@....#
#### #......##.###.#
##......##.# #.#
#######.......†..# #.#
.................# #.#
#######..........# #.#
#..........# #.#
##########.# #.#
#.###.#


You could see 4 jackals, a hobgoblin and a friendly quokka.

Vanquished Creatures
  2 bats (D:1)
2 creatures vanquished.

Vanquished Creatures (collateral kills)
  A kobold (D:1)
1 creature vanquished.

Grand Total: 3 creatures vanquished

Notes
Turn   | Place    | Note
-------+----------+-------------------------------------------
     0 | D:1      | MrRokkomies the Barachi Summoner began the quest for the
                  | Orb.
     0 | D:1      | Reached XP level 1. HP: 13/13 MP: 3/3
   158 | D:1      | Slain by a jackal

Levels and vault maps discovered:
D:1:      dpeg_arrival_water_temple_mockup, layout_basic

Action                   || total
-------------------------++-------
Melee: Whip              ||    16
 Cast: Summon Small Mamm ||     3
Armor: Robe              ||    13
Dodge: Dodged            ||    33

Table legend:
 A = Non-vault XP
 B = Vault XP
 C = Vault XP percentage of total XP
 D = Non-vault monster count
 E = Vault monster count
 F = Vault count percentage of total count
                 A         B        C        D         E       F
            +---------+---------+-------+---------+---------+-------
      Total |       3 |       0 |   0.0 |       3 |       0 |   0.0
            +---------+---------+-------+---------+---------+-------
        D:1 |       3 |       0 |   0.0 |       3 |       0 |   0.0
            +---------+---------+-------+---------+---------+-------
